 Dungeon Crawl Stone Soup version 0.28-a0-268-g3f656e82c2 (webtiles) character file.

Game seed: 16576613317207855701

317 lilly the Cudgeller (level 6, -17/56 HPs)
             Began as a Minotaur Monk on Feb 4, 2021.
             Was a Believer of Ru.
             Demolished by an ogre (28 damage)
             ... on level 4 of the Dungeon on Aug 28, 2021.
             The game lasted 00:12:20 (3849 turns).

lilly the Cudgeller (Minotaur Monk)                 Turns: 3849, Time: 00:12:21

Health: -17/56     AC:  4    Str: 14 (17) XL:     6   Next: 20%
Magic:  5/5        EV: 13    Int:  7      God:    Ru [**....]
Gold:   212        SH:  0    Dex: 10 (13) Spells: 5/5 levels left

rFire   x . .      SeeInvis .   a - +0 mace
rCold   x . .      Faith    .   (no shield)
rNeg    . . .      Spirit   .   b - +0 robe
rPois   .          Reflect  .   (helmet restricted)
rElec   .          Harm     .   o - +0 cloak
rCorr   .          Rampage  .   (no gloves)
Will    .....                   m - +0 pair of boots
Stlth   ++........              (no amulet)
HPRegen 0.18/turn               (no ring)
MPRegen 0.09/turn               (no ring)

@: no status effects
A: horns 2, temperature sensitive, retaliatory headbutt
a: Renounce Religion


You were on level 4 of the Dungeon.
You worshipped Ru.
Ru was pleased with you.
You visited 1 branch of the dungeon, and saw 4 of its levels.

You collected 212 gold pieces.

Inventory:

Hand Weapons
 a - a +0 mace (weapon)
Missiles
 c - 7 silver boomerangs (quivered)
Armour
 b - a +0 robe (worn)
 m - a +0 pair of boots (worn)
 o - a +0 cloak (worn)
Jewellery
 k - a ring of positive energy
Scrolls
 i - a scroll of blinking
 j - a scroll of removedness
 l - a scroll of enchant armour
 n - a scroll of vulnerability {unknown}
 p - 2 scrolls of teleportation
 q - a scroll of noise {unknown}
 r - a scroll of amnesia {unknown}
Potions
 d - a potion of flight
 g - a potion of resistance {unknown}
 h - a potion of haste {unknown}
 s - a potion of attraction {unknown}


   Skills:
 * Level 5.3 Fighting
 + Level 5.5 Maces & Flails
 + Level 0.1 Throwing
 + Level 4.5 Dodging
 + Level 3.0 Stealth


You had 5 spell levels left.
You didn't know any spells.
Your spell library contained the following spells:

 Spells                   Type           Power      Damage    Failure   Level
 Beastly Appendage        Tmut           0%         N/A       43%         1
 Foxfire                  Conj/Fire      0%         2x1d4     43%         1
 Wereblood                Tmut           0%         N/A       56%         2
 Conjure Flame            Conj/Fire      0%         6-21      80%         3
 Inner Flame              Hex/Fire       0%         N/A       80%         3
 Spider Form              Tmut/Pois      0%         N/A       80%         3


Dungeon Overview and Level Annotations

Branches:
Dungeon (4/15)             Temple (0/1) D:4

Altars:
Ru


Innate Abilities, Weirdness & Mutations

You have a pair of horns on your head.
You are sensitive to extremes of temperature. (rF-, rC-)
You reflexively headbutt those who attack you in melee.


Message History

Found a stone staircase leading down.
Found a robe.
Found a stone staircase leading down.
Found a sacrificial altar of Ru.
Found 22 arrows.
An ogre comes into view. It is wielding a +0 giant club.
Found 26 bolts.
The ogre shouts!
You hear a bark!
A hound comes into view.
There is a sacrificial altar of Ru here.
You kneel at the altar of Ru.
Ru welcomes you!
Ru believes you are ready to make a new sacrifice.
Ru asks you to sacrifice your resistance to extreme temperatures.
This is an incredible sacrifice.
Piety after sacrifice: **....
Do you really want to make this sacrifice?
You feel sensitive to extremes of temperature.
You now exude an aura of power that intimidates your foes.
Your aura of power can now strike those that harm you.
There are monsters nearby!
The ogre closely misses you.
You sock the ogre!
The ogre is moderately wounded.
The hound pauses to sniff the ground.
You barely miss the ogre.
The ogre is moderately wounded.
The ogre hits you with a +0 giant club!
You barely miss the ogre.
The ogre is moderately wounded.
The ogre hits you with a +0 giant club!!
You focus your inner power and illuminate the ogre in retribution!
You hit the ogre.
The ogre is heavily wounded.
The ogre hits you with a +0 giant club!
* * * LOW HITPOINT WARNING * * *
You hit the ogre but do no damage.
The ogre is heavily wounded.
The ogre hits you with a +0 giant club!!
Ouch! That really hurt!
You die...

*,* *,,<,,[..#*#..#**
****,****##.,****#.###..#
*,,,,,,,*#..,* #.....>###
*,*******#.#**####......#..
*,* *,,,,...,,(.##.#..>....
*,* *,*###(####.##.#.####..
*,* *,*,..h...#.#..#.##....
*,***,*,##O##.#.#.##.##.#..
*,,.#.#.#.@.#.#.#.##.##.#..
***......._.......##.......
*##.#.#...#.#.###**##.##.
*,#,##.##.#.# #..*#.
*,*,......#.# #.**#.
*,*###.####.# #.* #.
*,,,,...,,..# *,* *,
*****#.#**### *,* *, #.#
*,* **


You could see an ogre (corona) and a hound.

Vanquished Creatures
  Sigmund (D:3)
  An orc wizard (D:3)
  4 adders
  An ufetubus (D:4)
  2 worms
  4 dart slugs
  6 orcs (D:3)
  3 endoplasms
  3 giant cockroaches
  6 goblins
  8 hobgoblins
  7 jackals (D:2)
  2 quokkas
  3 ball pythons
  7 bats
  5 frilled lizards
  6 kobolds
  8 rats
77 creatures vanquished.

Notes
Turn   | Place    | Note
-------+----------+-------------------------------------------
     0 | D:1      | lilly the Minotaur Monk began the quest for the Orb.
     0 | D:1      | Reached XP level 1. HP: 19/19 MP: 0/0
     6 | D:1      | Upgraded the game from 0.27-a0-262-gc50aac273e to
                  | 0.27-a0-1065-ge809cff456
   423 | D:1      | Reached XP level 2. HP: 27/27 MP: 1/1
  1039 | D:2      | Reached XP level 3. HP: 21/33 MP: 2/2
  1053 | D:2      | Upgraded the game from 0.27-a0-1065-ge809cff456 to
                  | 0.28-a0-71-g84acfa7270
  1053 | D:2      | Upgraded the game from 0.28-a0-71-g84acfa7270 to
                  | 0.28-a0-268-g3f656e82c2
  1414 | D:2      | Found a faded altar of an unknown god.
  2516 | D:3      | Reached XP level 4. HP: 36/41 MP: 3/3
  2570 | D:3      | Noticed Sigmund
  2585 | D:3      | Killed Sigmund
  2586 | D:3      | Reached skill level 5 in Fighting
  2586 | D:3      | Reached skill level 5 in Maces & Flails
  2586 | D:3      | Reached XP level 5. HP: 37/48 MP: 4/4
  3404 | D:3      | Reached XP level 6. HP: 56/56 MP: 5/5
  3833 | D:4      | Found a sacrificial altar of Ru.
  3842 | D:4      | Became a worshipper of Ru the Awakened
  3843 | D:4      | Gained mutation: You are sensitive to extremes of
                  | temperature. (rF-, rC-) [Ru sacrifice]
  3843 | D:4      | Reached * piety under Ru
  3843 | D:4      | Reached ** piety under Ru
  3849 | D:4      | Demolished by an ogre

Illustrated notes

Levels and vault maps discovered:
D:1:      co_arrival_two_rings, layout_basic, minmay_tetromino_l4
D:2:      layout_basic, shapermc_ecumenical_altar_starsandcircs,
          kennysheep_boxes
D:3:      minmay_bubble_buster, layout_loops_ring, minmay_misc_feat_tower,
          uniq_sigmund
D:4:      minmay_opposing_rooms, layout_loops_cross,
          nicolae_ru_sacrificial_ziggurat, minmay_temple_entry_poolview

Skill      XL: |  1  2  3  4  5 |
---------------+----------------+-----
Fighting       | 4 5 |  5.3
Maces & Flails | 4 5 |  5.5
Stealth        | 2 3 |  3.0
Dodging        | 4 |  4.5
Throwing       | |  0.1

Action                   |  1- 3 |  4- 6 || total
-------------------------+-------+-------++-------
Melee: Mace              |    92 |    69 ||   161
       Headbutt          |     7 |     9 ||    16
Throw: Boomerang         |       |     5 ||     5
Invok: Sacrifice Resista |       |     1 ||     1
  Use: Scroll            |       |     7 ||     7
       Potion            |       |     2 ||     2
 Stab: Sleeping          |     6 |       ||     6
       Distracted        |       |     2 ||     2
Armor: Robe              |     9 |    19 ||    28
Dodge: Dodged            |    69 |    64 ||   133

Table legend: (Time is in decaauts)
 A = Elapsed time spent in this place.
 B = Non-inter-level travel time spent in this place.
 C = Inter-level travel time spent in this place.
 D = Time resting spent in this place.
 E = Time spent auto-exploring this place.
 F = Levels seen in this place.
 G = Mean time per level.
                   A        B        C        D        E       F      G
               +--------+--------+--------+--------+--------+-----+--------+
         Total |   3888 |   3690 |    198 |    656 |   2396 |   4 |  972.0 |
       Dungeon |   3888 |   3690 |    198 |    656 |   2396 |   4 |  972.0 |
               +--------+--------+--------+--------+--------+-----+--------+

Top non-repeatable levels by time:
     D:3: 1825 daAuts
     D:2: 1041 daAuts
     D:1: 937 daAuts
     D:4: 84 daAuts
